[Event "Chigorin Memorial 2019"]
[Site "Saint Petersburg"]
[Date "2019.10.07"]
[Round "3.2"]
[White "Smirnov, Artem"]
[Black "Ter-Sahakyan, Samvel"]
[Result "1/2-1/2"]
[ECO "E20"]
[WhiteElo "2416"]
[BlackElo "2616"]
[Annotator "ChessBase"]
[PlyCount "163"]
[EventDate "2019.10.05"]
[EventType "swiss"]
[EventCountry "RUS"]
[SourceTitle "playchess.com"]
[Source "ChessBase"]
[SourceQuality "1"]
[TimeControl "5400+30"]

1. d4 Nf6 2. c4 e6 3. Nc3 Bb4 4. f3 d5 5. a3 Be7 6. e4 dxe4 7. fxe4 c5 8. d5 O-O 9. Nf3 exd5 10. exd5 Bg4 11. Be2 Bxf3 12. Bxf3 Bd6 13. O-O Nbd7 14. g3 a6 15. Bg2 Re8 16. Bf4 Qb6 17. Bxd6 Qxd6 18. Qd2 Re5 19. Rae1 Rae8 20. Qf4 h6 21. Bh3 g5 22. Qf2 Rxe1 23. Rxe1 Rxe1+ 24. Qxe1 Ne5 25. Qe2 h5 26. Bg2 g4 27. b3 Ng6 28. Ne4 Nxe4 29. Bxe4 Qe5 30. Kg2 f5 31. Bd3 Qxe2+ 32. Bxe2 Kf7 33. h3 Kf6 34. hxg4 hxg4 35. Kf2 Ke5 36. Ke3 Ne7 37. a4 a5 38. Bd3 Nc8 39. Bc2 Nd6 40. Bd3 Ne8 41. Bb1 Nf6 42. Bc2 Nh5 43. Kf2 f4 44. gxf4+ Kxf4 45. Bg6 Nf6 46. Kg2 Kg5 47. Bc2 Kf4 48. Bg6 b6 49. Bc2 Ne8 50. Bd3 Nd6 51. Bg6 Nb7 52. Bd3 Nd6 53. Bg6 g3 54. Bc2 Kg4 55. Bd1+ Kf4 56. Bc2 Ne8 57. Bg6 Nf6 58. Bd3 Ng4 59. Bg6 Ne3+ 60. Kg1 Ke5 61. Bd3 Kf6 62. Be4 Ke7 63. Bd3 Kd7 64. Be4 Kd6 65. Bd3 Ke5 66. Bg6 Kf6 67. Bd3 Kg5 68. Bh7 Ng4 69. Kg2 Kf4 70. Bd3 Ne5 71. Bc2 Nf3 72. Bd1 Ne1+ 73. Kg1 Nd3 74. Kg2 Ne5 75. Bc2 Ng4 76. Bd3 Ne5 77. Bc2 Nd7 78. Bd3 Nf6 79. Bc2 Ng4 80. Bd3 Ne3+ 81. Kg1 Ke5 82. Bg6 1/2-1/2